[Event "Chinese League Div-A Rapid 2022"]
[Site "Fuling,Chongqing"]
[Date "2022.09.08"]
[Round "3.27"]
[White "Zhang, Pengxiang"]
[Black "Ma, Qun"]
[Result "0-1"]
[ECO "C48"]
[WhiteElo "2564"]
[BlackElo "2666"]
[Annotator "TA"]
[PlyCount "82"]
[EventDate "2022.09.07"]
[EventType "team-tourn"]
[EventCountry "CHN"]
[SourceTitle "playchess.com"]
[Source "ChessBase"]
[SourceQuality "1"]
[TimeControl "1500+10"]

1. e4 e5 2. Nf3 Nc6 3. Bb5 Nf6 4. d3 Bc5 5. Bg5 d6 6. Nc3 h6 7. Bh4 {[%emt 0:00:01] C48: Four Knights: 4 Bb5, replies other than 4...Bb4.} (7. Bxf6 $5 Qxf6 8. Nd5 $11) 7... a6 8. Bxc6+ bxc6 9. d4 {[%emt 0:00:15] White is slightly better.} exd4 10. Nxd4 Bd7 11. Qd3 g5 12. Bg3 {[%emt 0:00:01] [#]} Ng4 $146 ({Predecessor:} 12... Nh5 13. O-O-O Nf4 14. Qd2 Ng6 15. f3 Qe7 16. Bf2 a5 17. g3 Ne5 18. f4 Ng4 {1-0 (37) Esipenko,A (2682)-Pridorozhni,A (2596) Sochi 2020}) 13. Nb3 Bb6 (13... Ba7 $142) 14. Na4 $1 $16 (14. h3 $6 Ne5 15. Bxe5 dxe5 $14) 14... Ba7 15. h3 Nf6 16. e5 Nd5 17. exd6 O-O 18. O-O-O cxd6 19. Bxd6 Re8 {[%emt 0:00:20] [#]} 20. c4 ({White must play} 20. Bc5 $1 $16) 20... Qf6 $11 21. Bc5 {[%emt 0:00:35] [#]} (21. c5 $11 {remains equal.}) 21... Qf4+ $1 $17 {[%emt 0:01:00] White is now going downhill.} (21... Bf5 22. Qd4 Re4 23. Qxf6 Rxc4+ 24. Nc3 Nxf6 25. Bxa7 Rxa7 26. Rd4 Rxd4 27. Nxd4 $11) 22. Nd2 {[%emt 0:03:56] Strongly threatening g3.} (22. Kb1 $2 Bf5 23. cxd5 Bxd3+ 24. Rxd3 Qxa4 $19) 22... Bf5 {[%emt 0:00:43] Black is more active.} 23. Qf3 (23. Qa3 $17 Bxc5 24. Nxc5 (24. Qxc5 Rab8 $15)) 23... Bxc5 $19 {[%emt 0:00:24] Dancing on a razor blade.} 24. cxd5 Qxa4 25. Qxf5 Qxa2 $40 {[%emt 0:00:01][%mdl 128] White is in trouble.} 26. Rhe1 (26. Qb1 $142 Qxd5 27. Nf3 Qc4+ 28. Qc2 Qxc2+ 29. Kxc2) 26... cxd5 {[%emt 0:00:10] Threatens to win with ...Rec8.} 27. Nb1 $2 (27. Qb1 Qa5 28. Rxe8+ Rxe8 29. Qf5) 27... Rxe1 ({But not} 27... Reb8 $2 28. Re2 d4 29. Rc2 $19 (29. Qxc5 $2 Rc8 $19)) 28. Rxe1 Bd4 29. Qc2 Rb8 30. b3 Qxb3 31. Re8+ Kg7 32. Qxb3 Rxb3 {[%emt 0:00:02][%mdl 4096] Endgame KRB-KRN} 33. f3 (33. Re2 $142) 33... Rb2 34. Nd2 Ra2 35. g4 a5 36. Nb3 Bc3 37. Nc5 (37. Re3 $142 Bf6 38. Rd3) 37... a4 {[%emt 0:00:29] And now ...a3 would win.} 38. Rd8 a3 39. Rxd5 Ra1+ $2 (39... Rf2 {...a2 is the strong threat.} 40. Rd3 a2) 40. Kc2 a2 {[%emt 0:00:01] Hoping for ...Rb1.} 41. Nb3 $2 {[%emt 0:00:01] [#]} (41. Kb3) 41... Rb1 $1 {[%emt 0:00:05] Weighted Error Value: White=0.63/Black=0.27 (precise)} 0-1

[Event "Chinese League Div-A Rapid 2022"]
[Site "Fuling,Chongqing"]
[Date "2022.09.08"]
[Round "3.28"]
[White "Nie, Xinyang"]
[Black "Xu, Zhihang"]
[Result "0-1"]
[ECO "E40"]
[WhiteElo "2388"]
[BlackElo "2489"]
[Annotator "TA"]
[PlyCount "112"]
[EventDate "2022.09.07"]
[EventType "team-tourn"]
[EventCountry "CHN"]
[SourceTitle "playchess.com"]
[Source "ChessBase"]
[SourceQuality "1"]
[TimeControl "1500+10"]

1. d4 Nf6 2. c4 e6 3. Nc3 Bb4 4. e3 O-O 5. Bd3 d6 6. Nge2 e5 7. a3 Bxc3+ 8. Nxc3 Nc6 9. d5 Ne7 10. O-O Ng6 {[%emt 0:00:08] [#] E40: Nimzo-Indian: Rubinstein (4 e3): Unusual Black 4th moves.} 11. Bxg6 $146 ({White should play} 11. Re1 $16) ({Predecessor:} 11. b4 Qe7 12. Qc2 Re8 13. Bb2 e4 14. Be2 Bf5 15. Nb5 Ne5 16. Nd4 Bg6 17. Qc3 h5 18. Rae1 {0-1 (43) Khurtsidze,N (2447)-Zhao,X (2543) Batumi 2012}) 11... fxg6 $11 12. b4 e4 {[%emt 0:00:54] The position is equal.} 13. Bb2 Qe7 14. Qc2 a6 15. Ne2 Bf5 16. Bxf6 Rxf6 17. Rad1 g5 18. Ng3 Bg6 19. Rd4 Re8 20. c5 h5 21. cxd6 cxd6 22. Rc1 h4 23. Nf1 Ref8 24. Rd2 Qe5 (24... Be8 $1 $15) 25. Qc3 (25. Qd1 $11 {keeps the balance.}) 25... Qf5 $1 $17 26. Qc7 Bh5 {[%emt 0:03:27][%cal Oh5f3] Strongly threatening ...Bf3!} 27. Qxb7 $2 {[%emt 0:01:37][%mdl 8192] [#]} (27. Qc2 $17) 27... Bf3 $1 $19 {[%emt 0:00:12][%mdl 512] Threatens to win with ...Qg4.} 28. Rc7 {[%emt 0:01:30] [#]} (28. Rdc2 Bxg2) 28... Rg6 $1 {[%emt 0:00:07] ...Qg4 is the strong threat.} 29. Rdc2 (29. Qxa6 Bxg2) 29... Qg4 30. Ng3 hxg3 31. hxg3 {[%emt 0:00:06] [#]} Bd1 (31... Rh6 $142 $1 32. Rxg7+ Kh8 33. Qd7 Qh5 34. Rh7+ Rxh7 35. Qxh7+ Kxh7 36. Rc7+ Kg6 37. g4 Qh8 $1 38. Rc1 Bxg2 $1 39. f4 exf3 40. Kf2 Qh4+ 41. Kg1 Rh8 42. Rb1 Qg3 43. e4 Rh1#) 32. Rd2 Qh5 (32... Be2 $142 {[%cal Of8f2] And now ...Rxf2! would win.} 33. Rdc2 Bb5) 33. Rc8 Rxc8 (33... Rh6 34. Rxf8+ Kxf8 35. Qc8+ Kf7 36. Qd7+ Kg6 37. Qe6+ Kh7 38. Qf5+ g6 39. Qf7+ Kh8 40. Qf8+ Kh7 41. Qf7+ Kh8 42. Qf8+ Kh7 43. Qf7+ $11) (33... Bg4 $19 {has better winning chances. ( -> ...Rh6)} 34. Rxf8+ Kxf8 35. Qb8+ Kf7 36. Qc7+ Kg8 37. Qd8+ Kh7) 34. Qxc8+ $17 Kh7 35. Rd4 $2 (35. Qf5 $17 {only move.}) 35... Bg4 $1 $19 ({Weaker is} 35... Rh6 36. Qf5+ g6 37. Qf7+ Kh8 38. Qe8+ Kh7 39. Qf7+ Kh8 40. Qe8+ Kh7 41. Qf7+ $11) 36. Qe8 Bf5 37. Qf7 g4 (37... Bc8 $1 $19 {White must now prevent ...Qe2.} 38. f3 exf3 39. Qxf3 g4) 38. a4 (38. Rc4 $17) 38... Qg5 39. b5 $2 ({But not} 39. Qb7 Rh6 40. Rd1 Qh5 $19) (39. Rc4 Rh6 40. Rc7) 39... axb5 40. axb5 Rf6 41. Qe7 {[%emt 0:01:02] [#]} Qh5 $1 42. b6 (42. Rb4 $142 Rh6 43. Qh4) 42... Rh6 43. Qh4 {[%emt 0:00:01] [#] Prevents Qh1+.} Qe8 $1 ({Not} 43... Qf7 44. Qg5 Qg6 45. Qxg6+ Kxg6 46. f4 $17) 44. Qg5 Rh5 45. Qf4 Qb5 {[%emt 0:00:12] Black mates.} 46. Rd1 Qxb6 47. Rf1 Qc5 48. f3 exf3 49. gxf3 Qc2 50. Rf2 Qd1+ 51. Rf1 {[%emt 0:00:02] [#]} Rh1+ $3 52. Kxh1 Qxf1+ 53. Kh2 Qf2+ 54. Kh1 Qxf3+ 55. Kh2 Be4 56. Qxf3 gxf3 {[%emt 0:00:02] Weighted Error Value: White=0.84/Black=0.33} 0-1

[Event "Chinese League Div-A Rapid 2022"]
[Site "Fuling,Chongqing"]
[Date "2022.09.08"]
[Round "3.29"]
[White "Hou, Yifan"]
[Black "Zhang, Lanlin"]
[Result "1-0"]
[ECO "B53"]
[WhiteElo "2650"]
[BlackElo "2135"]
[Annotator "TA"]
[PlyCount "85"]
[EventDate "2022.09.07"]
[EventType "team-tourn"]
[EventCountry "CHN"]
[SourceTitle "playchess.com"]
[Source "ChessBase"]
[SourceQuality "1"]
[TimeControl "1500+10"]

1. e4 c5 2. Nf3 d6 3. d4 cxd4 4. Qxd4 e5 5. Bb5+ Nc6 6. Qd3 h6 {[%emt 0:00:14] B53: Sicilian: 2...d6: Lines with Qxd4.} 7. c4 Nf6 8. Nc3 a6 {[%emt 0:01:43] White is slightly better.} 9. Bxc6+ bxc6 10. O-O Qc7 11. Rd1 Be7 12. b3 O-O 13. Ba3 Qa5 14. Na4 Rd8 {[%emt 0:03:10] [#]} 15. Qe3 $146 ({Predecessor:} 15. c5 dxc5 16. Qc2 Rxd1+ 17. Rxd1 Bg4 18. Bxc5 Bxc5 19. Nxc5 Re8 20. Rc1 Bxf3 21. gxf3 {0-1 (36) Pavlova,N (1954)-Kavyev,R (2256) Kazan 2017}) 15... c5 16. Bb2 Bd7 17. Nc3 Qc7 18. Nh4 Rdb8 (18... Qc8 $1 $11) 19. Nf5 $16 Bxf5 20. exf5 Re8 21. Re1 Rad8 22. Rad1 {[%emt 0:00:01] Against d5} Bf8 23. h3 Qc8 24. Qd3 (24. g4 {is interesting.} Qc6 25. Qd3 a5 26. Bc1) 24... Re7 25. Qc2 Red7 26. Na4 {[%emt 0:02:36] Hoping for Nb6.} Qc6 {[%emt 0:00:15] Against Nb6} 27. f4 Nh5 28. fxe5 dxe5 {[%emt 0:00:02] [#]} 29. Rxd7 $1 ({But not} 29. Bxe5 Rxd1 30. Rxd1 Rxd1+ 31. Qxd1 Qe4 $14) 29... Rxd7 30. Bxe5 Be7 (30... Re7 $16) 31. Nc3 Bh4 32. Re4 Bg5 33. Nd5 Nf6 34. Bxf6 Bxf6 35. Re8+ Kh7 {[%emt 0:00:02] White must now prevent ...Rxd5.} 36. Qe4 {[%emt 0:00:01][%cal Oe8e6] Re6! is the strong threat. White is much more active.} a5 $2 {[%emt 0:00:23] [#]} (36... Qd6 37. Qd3 Qc6) 37. Kh1 (37. Re6 $142 $3 Qb7 (37... Qc8 38. Rxf6) 38. Nxf6+ gxf6 39. Qxb7 Rxb7 40. Ra6) 37... a4 $2 {[%emt 0:00:08] [#]} (37... Qd6 38. Ra8 Rd8) 38. Re6 $3 $18 Qb7 (38... Qc8 39. Rxf6) 39. Rb6 Qa7 40. Rxf6 axb3 {[%emt 0:00:16] [#]} 41. Rxh6+ $3 {[%emt 0:00:10][%mdl 512] White mates.} gxh6 42. f6+ Kh8 43. Qg4 {[%emt 0:00:01] Weighted Error Value: White=0.14 (very precise) /Black=0.45} 1-0

[Event "Chinese League Div-A Rapid 2022"]
[Site "Fuling,Chongqing"]
[Date "2022.09.08"]
[Round "3.30"]
[White "Yan, Tianqi"]
[Black "Zhang, Xiaowen"]
[Result "1/2-1/2"]
[ECO "C11"]
[WhiteElo "2188"]
[BlackElo "2307"]
[Annotator "TA"]
[PlyCount "53"]
[EventDate "2022.09.07"]
[EventType "team-tourn"]
[EventCountry "CHN"]
[SourceTitle "playchess.com"]
[Source "ChessBase"]
[SourceQuality "1"]
[TimeControl "1500+10"]

1. e4 e6 2. d4 d5 3. Nc3 Nf6 4. e5 Nfd7 5. f4 c5 6. Nf3 Nc6 7. Be3 a6 8. Qd2 b5 9. a3 {[%emt 0:00:08] The position is equal.} Qa5 {[%emt 0:00:37] The modern move. C11: French: Classical System: 4 e5 and 4 Bg5 dxe4.} 10. Be2 b4 11. Nd1 Rb8 12. O-O bxa3 13. Qxa5 Nxa5 14. dxc5 (14. b3 {is interesting.} Nc6 15. dxc5 Nb4 16. Ne1) 14... axb2 15. Nxb2 Rxb2 16. Rxa5 Rxc2 17. Bxa6 Bxc5 (17... Bxa6 $2 18. Rxa6 Nxc5 19. Ra8+ Kd7 20. Ra7+ Kc8 21. Rxf7 $18) 18. Bxc5 Rxc5 (18... Bxa6 $2 19. Rxa6 Rxc5 20. Ra8+ Ke7 21. Rxh8 $18) 19. Rxc5 {[%emt 0:00:10][%mdl 64] [#] Remove Defender} Nxc5 20. Bxc8 {[%emt 0:00:07] Strongly threatening Rc1.} O-O $1 21. Bxe6 fxe6 $11 {[%emt 0:00:03][%mdl 4096] Endgame KRN-KRN} 22. Nd4 {[%emt 0:00:15] [#]} Ra8 $146 ({Predecessor:} 22... Rb8) 23. g3 Ra4 24. Rc1 Rxd4 25. Rxc5 g5 26. Rc6 gxf4 {[%emt 0:00:11] [#] Threatens to win with ...Kf7.} 27. Rxe6 {[%emt 0:00:33] A balanced but interesting game.  Weighted Error Value: White=0.01 (flawless) /Black=0.00 (flawless)} 1/2-1/2

[Event "Chinese League Div-A Rapid 2022"]
[Site "Fuling,Chongqing"]
[Date "2022.09.10"]
[Round "4.1"]
[White "Zhang, Pengxiang"]
[Black "Xu, Yi"]
[Result "0-1"]
[ECO "D27"]
[WhiteElo "2564"]
[BlackElo "2507"]
[Annotator "TA"]
[PlyCount "86"]
[EventDate "2022.09.07"]
[EventType "team-tourn"]
[EventCountry "CHN"]
[SourceTitle "playchess.com"]
[Source "ChessBase"]
[SourceQuality "1"]
[TimeControl "1500+10"]

1. d4 Nf6 2. c4 e6 3. Nf3 d5 4. Nc3 c5 5. e3 dxc4 6. Bxc4 a6 7. a4 Nc6 8. O-O Be7 9. dxc5 Qxd1 10. Rxd1 Bxc5 11. Bd2 b6 {[%emt 0:03:17] D27: Queen's Gambit Accepted: Classical main line: 7 e4!? and 7 a4.} 12. Ng5 Ne5 13. Be2 Bb7 {[%emt 0:00:09] [#] Against Nce4. The position is equal.} 14. Rab1 $146 ({Predecessor:} 14. Na2 h6 15. Bc3 Ned7 16. Bf3 Bxf3 17. Nxf3 O-O 18. Rac1 Rfc8 19. Rc2 Be7 20. Bxf6 Nxf6 {½-½ (74) Lahaye,R (2376)-Okkes,M (2386) Hilversum 2008}) 14... h6 15. Nf3 Nxf3+ 16. Bxf3 Bxf3 17. gxf3 a5 18. Kf1 Ke7 19. Ke2 Rhd8 20. e4 Rac8 21. Bf4 Nh5 22. Be3 Rxd1 23. Rxd1 g5 24. e5 f6 25. Ne4 (25. exf6+ $11 {keeps the balance.} Nxf6 26. Kd3) 25... Bxe3 $17 {[%emt 0:00:19] Black continues to play with concentration.} 26. fxe3 fxe5 {[%emt 0:00:14][%mdl 4096] Endgame KRN-KRN} 27. b3 (27. Nd2 $17) 27... Nf6 $19 28. Nxf6 Kxf6 {[%emt 0:00:02] KR-KR} 29. Rd6 (29. Rd2 {might work better.}) 29... e4 {[%emt 0:00:51] [#] White must now prevent ...Rc2+.} 30. fxe4 $2 (30. Rd2 {was forced.}) 30... Rc2+ 31. Kf3 Rxh2 32. Rxb6 h5 33. Rb5 (33. Kg3 $142 Rc2 34. b4) 33... g4+ 34. Kg3 Rh3+ 35. Kf2 h4 36. Rxa5 Rf3+ 37. Ke2 h3 38. Rh5 Kg6 39. Rh8 Rg3 {[%emt 0:00:21] [#] Threatens to win with ...Rg2+.} 40. a5 Rg2+ 41. Kf1 Ra2 {[%emt 0:00:04] ( -> ...h2)} 42. b4 h2 43. a6 g3 {[%emt 0:00:08] Weighted Error Value: White=0.95/Black=0.17 (very precise)} 0-1

[Event "Chinese League Div-A Rapid 2022"]
[Site "Fuling,Chongqing"]
[Date "2022.09.10"]
[Round "4.2"]
[White "Peng, Xiongjian"]
[Black "Lou, Yiping"]
[Result "1-0"]
[ECO "A46"]
[WhiteElo "2454"]
[BlackElo "2485"]
[Annotator "TA"]
[PlyCount "97"]
[EventDate "2022.09.07"]
[EventType "team-tourn"]
[EventCountry "CHN"]
[SourceTitle "playchess.com"]
[Source "ChessBase"]
[SourceQuality "1"]
[TimeControl "1500+10"]

1. d4 e6 2. Nf3 Nf6 3. g3 b5 4. Bg2 Bb7 5. O-O c5 6. Na3 Qb6 7. c4 b4 8. Nc2 Nc6 {[%emt 0:00:02] A46: 1 d4 Nf6 2 Nf3 e6: Torre, London and Colle Systems.} (8... cxd4 $11 {remains equal.} 9. Qxd4 (9. Ncxd4 Bc5 $11) (9. Nfxd4 Bxg2 10. Kxg2 Nc6 $11) 9... Bc5) 9. d5 $1 $16 Na5 10. Ne3 Be7 {[%emt 0:05:59] [#] White is better.} 11. a3 $146 ({Predecessor:} 11. b3 Ne4 12. Bb2 Bf6 13. Bxf6 gxf6 14. Qc2 f5 15. Ne5 Qc7 16. Bxe4 Qxe5 17. Bg2 {1-0 (59) Tiemann,T (2059)-Vrban,R (2115) Baden 2017}) 11... b3 12. Bd2 O-O 13. Ne5 {[%emt 0:01:56] Threatens to win with Bxa5.} Rab8 14. Rc1 Ba6 (14... d6 $14) 15. dxe6 (15. Bc3 $18) 15... fxe6 {[%emt 0:00:21] [#]} 16. Nxd7 $1 Nxd7 17. Bxa5 {[%emt 0:00:02][%mdl 64] Discovered Attack} Qxa5 18. Qxd7 Bf6 19. Qxe6+ Kh8 20. Rb1 Rbe8 {[%emt 0:01:17] [#]} 21. Qd7 Bc8 22. Qd3 Bd4 (22... Qa4 $142 23. Bf3 Bd4) 23. Qxb3 $18 Bd7 24. Qd3 Rd8 25. b4 Qa6 26. Nd5 Bf5 {[%emt 0:00:16] [#]} 27. e4 $1 ({Less strong is} 27. Be4 Bxe4 28. Qxe4 Qxc4 $16) 27... Bg6 (27... Rxd5 $2 28. b5 Qd6 29. cxd5 $18) 28. b5 Qa4 29. Qb3 Qa5 30. Rbd1 Bh5 {[%emt 0:00:09] [#]} 31. Rxd4 $1 cxd4 32. Qd3 {[%emt 0:00:04] Prevents Be2.} Rc8 33. e5 Bg6 34. Qxd4 Qxa3 35. Be4 $2 (35. Ne3 $18 {and White stays clearly on top.}) 35... Bxe4 $16 36. Qxe4 {[%emt 0:00:01] And now e6 would win.} Qc5 37. Ne3 {[%emt 0:00:19] Black must now prevent e6.} Rfe8 (37... Rce8 $16) 38. f4 $18 Rcd8 {[%emt 0:00:07] Inhibits Rd1.} (38... Red8 $16) 39. Kf2 g5 (39... Rf8 $16) 40. Qc6 Qxc6 (40... Rd2+ 41. Kf3 Qf8) 41. bxc6 gxf4 42. gxf4 {[%emt 0:00:01][%cal Bg3f4,Bf4f5][%mdl 4128] Endgame KRR-KRN} Re6 (42... Rc8 $142 43. Ra1 Rxc6 44. Rxa7 Rh6) 43. c7 {[%emt 0:00:36] White is clearly winning.} Rc8 44. Nd5 Kg7 45. Ke3 Kf7 46. Kd4 {[%emt 0:00:02] aiming for f5.} Rh6 47. f5 {[%emt 0:00:10] Strongly threatening e6+.} Rxh2 48. e6+ Kf8 49. Rb1 {[%emt 0:00:11] Weighted Error Value: White=0.27 (precise) /Black=0.38} 1-0

[Event "Chinese League Div-A Rapid 2022"]
[Site "Fuling,Chongqing"]
[Date "2022.09.10"]
[Round "4.3"]
[White "Wan, Yunguo"]
[Black "Zhang, Zhong"]
[Result "1-0"]
[ECO "B08"]
[WhiteElo "2508"]
[BlackElo "2617"]
[Annotator "TA"]
[PlyCount "103"]
[EventDate "2022.09.07"]
[EventType "team-tourn"]
[EventCountry "CHN"]
[SourceTitle "playchess.com"]
[Source "ChessBase"]
[SourceQuality "1"]
[TimeControl "1500+10"]

1. e4 d6 2. d4 Nf6 3. Nc3 g6 4. Nf3 Bg7 5. h3 O-O 6. Be2 a6 7. a4 {[%emt 0:00:15] B08: Pirc Defence: Classical System.} Nc6 8. O-O e6 9. a5 {[%emt 0:00:11] [#] White is slightly better.} Bd7 $146 ({Predecessor:} 9... h6 10. Be3 Kh7 11. Re1 Bd7 12. e5 Nd5 13. Nxd5 exd5 14. Bf4 Be6 15. c3 dxe5 16. dxe5 {0-1 (46) Friedrich,N (2317)-Rowson,J (2594) Porto Mannu 2007}) 10. Bg5 {[%emt 0:00:07] [#] And now e5 would win.} h6 11. Be3 e5 12. dxe5 Nxe5 13. Qd2 Kh7 14. Nd4 c5 (14... Re8 $14) 15. Nf3 $16 Bc6 16. Nxe5 dxe5 17. Qxd8 Rfxd8 18. f3 ({Don't play} 18. Bxc5 $6 Nxe4 19. Nxe4 Bxe4 $11) 18... Bf8 19. Bc4 Kg7 20. Rfd1 Rac8 21. b3 {[%emt 0:02:50] White is more active.} Be7 22. Na4 Rxd1+ 23. Rxd1 Bxa4 ({Black should try} 23... Rd8 $14 24. Rb1 Nd7) 24. bxa4 Rd8 25. Rb1 Rd7 26. Kf2 (26. Bf2 $16) 26... Bd8 $14 27. Bd3 Bxa5 28. Bxc5 Nh7 29. Be3 Rc7 30. f4 Bc3 31. Rb3 (31. Bb6 $5 Rc6 32. Bd8 $14) 31... exf4 (31... Nf6 $11 {remains equal.}) 32. Bb6 (32. Bxf4 $16 Bd4+ 33. Ke2) 32... Rc6 $11 33. Ba7 {[%emt 0:00:03][%cal Ob3c3] [#] Strongly threatening Rxc3!} Be5 ({Black should play} 33... b6 $11) 34. Rxb7 $14 Ng5 35. Kf1 Ne6 36. Rb6 Rc7 {[%emt 0:07:30] White now steadily converts the win.} ({Better is} 36... Rxb6 $14 37. Bxb6 Nc7) 37. Rxa6 $16 Bd4 38. Bb6 Bxb6 39. Rxb6 {[%emt 0:00:01][%mdl 4096] Endgame KRB-KRN} Nc5 (39... Ra7 $16) 40. a5 $18 Nxd3 (40... Rd7 {is a better defense.}) 41. cxd3 {[%emt 0:00:01][%cal Bc2d3,Bd3d4,Bd4d5][%mdl 32] KR-KR} Rc2 $2 (41... Rc1+ {is more resistant.} 42. Kf2 Rd1) 42. a6 Ra2 $2 (42... Rd2 43. Rb8 Ra2) 43. d4 {[%emt 0:00:45] Threatens to win with d5.} Ra4 44. d5 Kf8 45. e5 Ke8 46. Rb8+ Kd7 47. Rb7+ Kc8 48. Rxf7 {[%emt 0:00:08] Threatening mate with e6.} Rxa6 49. Rxf4 Ra5 50. e6 Kc7 51. e7 Kd7 52. d6 {[%emt 0:00:04] Weighted Error Value: White=0.13 (very precise) /Black=0.46} 1-0

[Event "Chinese League Div-A Rapid 2022"]
[Site "Fuling,Chongqing"]
[Date "2022.09.10"]
[Round "4.4"]
[White "Ju, Wenjun"]
[Black "Zhang, Lanlin"]
[Result "1-0"]
[ECO "A13"]
[WhiteElo "2560"]
[BlackElo "2135"]
[Annotator "TA"]
[PlyCount "89"]
[EventDate "2022.09.07"]
[EventType "team-tourn"]
[EventCountry "CHN"]
[SourceTitle "playchess.com"]
[Source "ChessBase"]
[SourceQuality "1"]
[TimeControl "1500+10"]

1. Nf3 d5 2. g3 Nf6 3. Bg2 c5 4. O-O e6 5. c4 d4 6. e3 Nc6 7. exd4 cxd4 8. d3 Bd6 {[%emt 0:00:01] A13: English Opening: 1...e6.} 9. Bg5 h6 10. Bxf6 Qxf6 {[%emt 0:00:01] The position is equal.} 11. Nbd2 Qe7 12. Re1 O-O 13. a3 a5 $1 {[%emt 0:00:01] Inhibits b4.} 14. Nb3 {[%emt 0:00:06] [#] 14.Rc1 injects fresh life into this line.} Bc5 $146 ({Predecessor:} 14... Rd8 15. Nbxd4 Nxd4 16. Nxd4 Bxg3 17. hxg3 Rxd4 18. Qc2 e5 19. f4 Bf5 20. Rxe5 Qf6 {½-½ (40) Sevian,S (2703)-Bjerre,J (2610) Saint Louis 2022}) 15. Nxc5 Qxc5 16. Qe2 {[%emt 0:00:04][%cal Ob2b4] Threatening b4!} Bd7 17. Nd2 f5 (17... a4 $11) 18. f4 Rab8 19. Rac1 a4 20. h3 (20. Qf2 $14 {deserves consideration.}) 20... Rfe8 21. Qh5 Rf8 22. Nf3 (22. Qd1 $14) 22... Be8 $11 23. Qh4 Ne7 {[%emt 0:00:01] Threatens to win with ...Ng6.} 24. Ne5 b6 25. Rf1 Nc6 26. Rce1 Ne7 27. g4 b5 28. g5 h5 (28... hxg5 $11 {remains equal.} 29. Qxg5 (29. fxg5 bxc4 30. Nxc4 Ng6 $15) 29... bxc4 30. Nxc4 Rf6) 29. Qf2 $36 {[%emt 0:00:17][%mdl 2048] White has strong initiative. White is more active.} bxc4 30. Nxc4 Bf7 31. Ne5 Be8 {[%emt 0:00:00] Prevents Nd7.} ({Black should play} 31... Qd6 $14) 32. Nf3 (32. Bf3 $16) 32... Nc6 (32... Qb6 $11) 33. Rxe6 Bf7 34. Re2 Rfe8 35. Rxe8+ Rxe8 36. Re1 Re3 37. Nh4 (37. Qd2 $1 $16) 37... Ne7 $1 38. Qd2 Nd5 $2 (38... Ng6 $11 39. Nxg6 Bxg6) 39. Nxf5 $2 (39. Rc1 $18 Qd6 40. Nxf5 Qxf4 41. Nxe3 Nxe3 42. Rc8+ Kh7 43. Be4+ (43. Rf8 Qc7 $18) 43... Bg6 44. Bxg6+ Kxg6 45. Qf2 Qxg5+ 46. Kh2) 39... Rxe1+ 40. Qxe1 Nxf4 41. Ng3 (41. Qe4 $11 {and White is okay.} Qc1+ 42. Kh2) 41... Nxd3 $2 (41... Qxg5 $19 42. Qf2 h4) 42. Qe4 {[%emt 0:00:08] [#]} Nxb2 {[%emt 0:00:11][%mdl 8192] [#]} (42... Ne5 $1 $17 {aiming for ...d3+.} 43. Nf1 Ng6 44. Qa8+ Kh7) 43. g6 $1 $18 Bb3 $2 (43... Bxg6 $18 44. Qxg6 d3+ 45. Kh1 (45. Kh2 Qe5 $18) 45... Qe5) 44. Qa8+ Qf8 45. Bd5+ {[%emt 0:00:01] Weighted Error Value: White=0.47/Black=0.76} 1-0

[Event "Chinese League Div-A Rapid 2022"]
[Site "Fuling,Chongqing"]
[Date "2022.09.10"]
[Round "4.5"]
[White "Ni, Shiqun"]
[Black "Yang, Yijing"]
[Result "1/2-1/2"]
[ECO "C01"]
[WhiteElo "2371"]
[BlackElo "2022"]
[Annotator "RC"]
[PlyCount "107"]
[EventDate "2022.09.07"]
[EventType "team-tourn"]
[EventCountry "CHN"]
[SourceTitle "playchess.com"]
[Source "ChessBase"]
[SourceQuality "1"]
[TimeControl "1500+10"]

1. e4 e6 2. d4 d5 3. exd5 exd5 4. Nf3 Bd6 5. c4 c6 6. Nc3 Ne7 7. Bd3 dxc4 8. Bxc4 O-O 9. O-O Bg4 10. Bg5 h6 11. Bh4 Qc7 12. Bg3 Bxg3 13. fxg3 Nd7 14. Qd2 Rad8 15. Qf2 Nb6 16. Bb3 Nbd5 17. Ne5 Be6 18. Ne4 b6 19. Rac1 f6 20. Nf3 Qd7 21. Rfe1 Rfe8 22. h3 Bf7 23. g4 Ng6 24. Ng3 Ngf4 25. Qd2 Rxe1+ 26. Rxe1 Re8 27. Nf5 Rxe1+ 28. Qxe1 Qe6 29. Kf1 Qxe1+ 30. Nxe1 Kf8 31. Kf2 Nb4 32. Bxf7 Kxf7 33. Kf3 Nfd3 34. Nxd3 Nxd3 35. Ke4 Nxb2 36. d5 cxd5+ 37. Kxd5 Nd3 38. Nd6+ Kg6 39. Nc8 Nb4+ 40. Kc4 Nxa2 41. Nxa7 Nc1 42. Nc8 Kg5 43. Nxb6 Kf4 44. Nd5+ Kg3 45. Ne3 Ne2 46. Nf5+ Kxg2 47. Nxg7 Kxh3 48. Nf5 Kxg4 49. Nxh6+ Kh5 50. Nf5 Kg5 51. Ne3 Ng3 52. Kd3 Nf5 53. Nd5 Ng3 54. Nxf6 1/2-1/2